 Dungeon Crawl Stone Soup version 0.20-a0-495-g2241292 (webtiles) character file.

110310 Duffy the Severer (level 16, 140/144 HPs)
             Began as a Naga Fighter on Jan 18, 2017.
             Was the Champion of Cheibriados.
             Quit the game on level 14 of the Dungeon on Jan 19, 2017.
             The game lasted 00:38:07 (34495 turns).

Duffy the Severer (Naga Fighter)                   Turns: 34495, Time: 00:38:08

Health: 140/144    AC: 30    Str: 40    XL:     16   Next: 54%
Magic:  25/25      EV: 13    Int: 25    God:    Cheibriados [******]
Gold:   1011       SH: 22    Dex: 28    Spells: 15/15 levels left

rFire    + . .     SeeInvis +   N - +5 broad axe (chop)
rCold    . . .     Gourm    .   S - +4 chain mail {rF+}
rNeg     . . .     Faith    +   C - +0 large shield
rPois    +         Spirit   .   p - +1 helmet
rElec    .         Reflect  .   e - +1 cloak {+Inv}
rCorr    .         Harm     .   v - +2 pair of gloves {Dex+3}
MR       ++...                  (no barding)
Stlth    ..........             c - amulet of faith
Regen    0.4/turn               a - +5 ring of protection
                                P - +5 ring of slaying

@: very slow
A: see invisible, deformed body, poison resistance, slowness 2, slow metabolism
1, spit poison 1, constrict 1, AC +5
a: Spit Poison, Bend Time, Temporal Distortion, Slouch, Step From Time, Renounce
Religion, Evoke Invisibility


You were on level 14 of the Dungeon.
You worshipped Cheibriados.
Cheibriados was exalted by your worship.
You were hungry.

You visited 4 branches of the dungeon, and saw 24 of its levels.
You also visited: Volcano.

You collected 2647 gold pieces.
You spent 1636 gold pieces at shops.

Inventory:

Hand Weapons
 b - a +1 falchion of flaming
 G - the +7 sceptre of Torment
   (You found it on level 8 of the Dungeon)
 N - a +5 broad axe of chopping (weapon)
Armour
 e - a +1 cloak of invisibility (worn)
 p - a +1 helmet (worn)
 v - a +2 pair of gloves of dexterity (worn)
 x - a +4 scale mail of cold resistance
 C - a +0 large shield (worn)
 S - a +4 chain mail of fire resistance (worn)
Jewellery
 a - a +5 ring of protection (right hand)
 c - an amulet of faith (around neck)
 m - an uncursed ring of flight
 y - an uncursed ring of positive energy
 P - a +5 ring of slaying (left hand)
 Q - an uncursed ring of resist corrosion
 T - an uncursed ring of protection from cold
Wands
 o - a wand of digging (13/24)
Scrolls
 g - a scroll of summoning
 j - 3 scrolls of immolation
 k - 8 scrolls of teleportation
 q - 12 scrolls of remove curse
 s - a scroll of fear
 A - 6 scrolls of enchant armour
 E - 2 scrolls of recharging
 J - 4 scrolls of magic mapping
 K - 3 scrolls of identify
 M - 3 scrolls of fog
Potions
 d - 6 potions of might
 i - 6 potions of agility
 t - 3 potions of flight
 u - 4 potions of heal wounds
 B - a potion of cancellation
 D - 2 potions of cure mutation
 H - a potion of magic
 L - a potion of invisibility
 O - 3 potions of curing
 R - 3 potions of resistance
Comestibles
 f - 12 bread rations
 h - 5 slices of pizza
 r - 23 fruits
 w - 11 meat rations
 V - 7 royal jellies


   Skills:
 + Level 9.4 Fighting
 + Level 17.1 Axes
 + Level 10.2 Armour
 + Level 8.3 Dodging
 + Level 9.8 Shields
 - Level 12.0 Invocations


You had 15 spell levels left.
You didn't know any spells.

Dungeon Overview and Level Annotations

Branches:
Dungeon (15/15)            Temple (1/1) D:5            Lair (6/6) D:10
 Shoals (0/4) Lair:4       Spider (0/4) Lair:2        Slime (0/5) Lair:6
    Orc (2/2) D:12            Elf (0/3) Orc:2        Vaults (0/5) D:13
 Depths (0/5) D:15

Altars:
Ashenzari
Cheibriados
Dithmenos
Elyvilon
Fedhas
Gozag
Hepliaklqana
Kikubaaqudgha
Makhleb
Nemelex Xobeh
Okawaru
Qazlal
Ru
Sif Muna
Trog
Uskayaw
Vehumet
Xom
Yredelemnul
Zin
The Shining One
Beogh

Shops:
D:10 (**%   D:11 *   Orc:2 %(*(=

Portals:
Trove: D:13 (show abyssal rune of Zot)

Annotations:
D:6 skk's ghost, novice FoFi
Lair:2 exclusions: orb spider and 1 more exclusion


Innate Abilities, Weirdness & Mutations

You cannot wear boots.
Your serpentine skin is tough. (AC +5)
You have supernaturally acute eyesight. (SInv)
Armour fits poorly on your strangely shaped body.
Your system is resistant to poisons. (rPois)
You cover ground very slowly.
You have a slow metabolism.
You can spit poison.
You can use your snake-like lower body to constrict enemies.


Message History

The jelly quivers.
The ice beast closely misses you. The ice beast misses you.
You block the ice beast's attack. x2; The jelly closely misses you.
You chop the jelly into pieces!!!
You kill the jelly!
Cheibriados thoroughly appreciates the change of pace.
You hit the ice beast but do no damage. You block the ice beast's attack.
You block the ice beast's attack. x2
You block the ice beast's attack.
The ice beast hits you but does no damage.
The ice beast misses you. You block the ice beast's attack.
The ice beast hits you but does no damage.
You block the ice beast's attack. x2
You slice the ice beast!!
You kill the ice beast!
Cheibriados appreciates the change of pace.
No target in view!
No target in view!
Are you sure you want to abandon this character and quit the game? (Confirm with "yes".)

######...(........#........
#.....#.#.#..#....(.##
#..#.........#......#.
#..#..#.#.#..######.#.
#..##...............#.
############.....'......^......##
.................#...............
####.............#............(..
##....<.#'###.@#...............
#.......#...#..#...#########.##
#.......#...#..#...#########.#
##.###...#...#..#...#.........#
#..#.#...#...#.<#...#.#########
##.#.}.#..#####..#...#.#......#
....#.#..........#...#.#......##
....###.#........#...#.#.......##
........#........#..(#.#.........


There were no monsters in sight!

Vanquished Creatures
  Saint Roka (Orc:2)
  The ghost of Potsanchik the Covert, a journeyman KoEn of Ashenzari (Lair:6)
  Josephine (Lair:4)
  A minotaur (shapeshifter) (D:15)
  4 vault guards (D:13)
  8 hydras
  5 centaur warriors
  4 catoblepae
  8 two-headed ogres
  5 death yaks
  A deep troll shaman (Lair:6)
  Urug (Lair:4)
  A tengu warrior (D:13)
  An orc high priest (Orc:2)
  An unseen horror (shapeshifter) (D:13)
  4 unseen horrors
  Pikel (D:5)
  A wizard (D:13)
  3 necromancers (D:13)
  4 orc knights
  A lindwurm (Lair:6)
  A wolf spider (D:15)
  2 deep elf magi
  9 orc sorcerers
  6 ugly things
  3 manticores
  3 salamanders
  4 cyclopes
  9 elephants (Lair:6)
  8 black mambas
  Maurice (D:11)
  A centaur skeleton (D:14)
  4 rime drakes
  13 spiny frogs
  A gargoyle (D:12)
  10 yaktaurs (D:15)
  6 kobold demonologists (D:15)
  6 komodo dragons
  A freezing wraith (D:15)
  A tengu conjurer (D:13)
  A queen bee (D:11)
  4 trolls
  A snapping turtle (Lair:4)
  4 dream sheep
  16 slime creatures
  13 hippogriffs
  5 wraiths
  16 humans (D:13)
  51 yaks
  2 vampires
  2 basilisks
  4 wyverns
  Eustachio (D:5)
  A fire bat (Volcano)
  A steam dragon (D:10)
  Edmund (D:6)
  14 vampire mosquitoes
  A hungry ghost (D:15)
  Menkaure (D:5)
  2 insubstantial wisps (Lair:1)
  An acid dragon (D:15)
  A soldier ant (D:12)
  A warg (Orc:1)
  5 hell hounds
  Duvessa (D:6)
  15 porcupines
  12 water moccasins
  41 orc warriors
  4 phantoms
  10 sky beasts
  A swamp drake (Lair:1)
  A black bear (Lair:6)
  3 necrophages
  8 ice beasts
  10 ogres
  11 centaurs
  11 wolves
  15 crocodiles
  7 big kobolds
  A gnoll sergeant (D:9)
  A wyvern zombie (D:9)
  24 bullfrogs
  Dowan (D:6)
  3 water moccasin zombies
  2 wyvern skeletons
  8 scorpions
  A water moccasin skeleton (D:8)
  40 killer bees
  3 wights (D:8)
  2 electric eels
  8 howler monkeys
  2 crimson imps
  12 jellies
  3 centaur zombies
  3 quasits
  An iron imp (D:9)
  35 orc priests
  Crazy Yiuf (D:2)
  A bullfrog skeleton (D:9)
  41 orc wizards
  9 hounds
  9 iguanas
  12 worker ants
  4 hell rats (Lair:5)
  8 gnolls
  9 adders
  2 shadow imps
  An ooze (D:1)
  2 adder skeletons (D:8)
  An adder zombie (D:6)
  7 worms
  4 dart slugs
  4 leopard geckos
  93 orcs
  4 giant cockroaches
  6 goblins
  7 hobgoblins
  14 jackals
  10 kobolds
  7 quokkas
  4 ball pythons
  8 bats
  5 frilled lizards
  A giant cockroach zombie (D:5)
  2 leopard gecko skeletons
  A leopard gecko zombie (D:6)
  A quokka skeleton (D:8)
  8 rats
  3 fungi
  22 plants
906 creatures vanquished.

Vanquished Creatures (others)
  A scorpion (D:5)
  A dart slug (D:5)
  A quokka (D:5)
  A giant cockroach zombie (D:6)
  23 fungi
  5 plants
32 creatures vanquished.

Grand Total: 938 creatures vanquished

Notes
Turn   | Place    | Note
-------+----------+-------------------------------------------
     0 | D:1      | Duffy the Naga Fighter began the quest for the Orb.
     0 | D:1      | Reached XP level 1. HP: 21/21 MP: 1/1
   169 | D:1      | Reached XP level 2. HP: 17/28 MP: 2/2
   416 | D:1      | Reached XP level 3. HP: 29/34 MP: 3/3
   804 | D:1      | Reached skill level 3 in Axes
  1300 | D:2      | Reached XP level 4. HP: 39/42 MP: 4/4
  1935 | D:2      | Found a runed door.
  2013 | D:2      | Noticed Crazy Yiuf
  2021 | D:2      | Killed Crazy Yiuf
  2261 | D:3      | Reached XP level 5. HP: 46/49 MP: 5/5
  2299 | D:3      | Found a basalt altar of Yredelemnul.
  2303 | D:3      | Found an opulent altar of Gozag.
  2303 | D:3      | Found a hazy altar of Hepliaklqana.
  2304 | D:3      | Found a white marble altar of Elyvilon.
  2436 | D:3      | Found an ancient bone altar of Kikubaaqudgha.
  2567 | D:3      | Reached skill level 4 in Axes
  2876 | D:4      | Reached XP level 6. HP: 28/56 MP: 6/6
  3552 | D:4      | Reached skill level 5 in Axes
  3714 | D:5      | Entered Level 5 of the Dungeon
  3721 | D:5      | Found a staircase to the Ecumenical Temple.
  3721 | D:5      | Noticed Menkaure
  3724 | D:5      | Noticed Edmund
  3999 | D:6      | Killed Edmund
  3999 | D:6      | Reached skill level 5 in Shields
  3999 | D:6      | Reached XP level 7. HP: 17/62 MP: 7/7
  4260 | Temple   | Entered the Ecumenical Temple
  4558 | D:5      | Killed Menkaure
  4562 | D:5      | Reached skill level 6 in Axes
  4885 | D:5      | Reached XP level 8. HP: 35/69 MP: 8/8
  5214 | D:5      | Noticed Pikel
  5247 | D:5      | Killed Pikel
  5247 | D:5      | Reached skill level 7 in Axes
  5433 | D:5      | Found a stormy altar of Qazlal.
  5433 | D:5      | Found a blossoming altar of Fedhas.
  5471 | D:5      | Noticed Eustachio
  5649 | D:6      | Reached skill level 8 in Axes
  5707 | D:6      | Reached XP level 9. HP: 58/75 MP: 9/9
  6394 | D:6      | Noticed Dowan
  6397 | D:6      | Noticed Duvessa
  6416 | D:6      | Killed Duvessa
  6417 | D:6      | Killed Dowan
  6417 | D:6      | Reached skill level 9 in Axes
  6798 | D:6      | Noticed skk's ghost (novice FoFi)
  7277 | D:7      | Found a burning altar of Makhleb.
  7396 | D:7      | Found an iron altar of Okawaru.
  8189 | D:8      | Noticed a two-headed ogre
  8200 | D:8      | Killed a two-headed ogre
  8200 | D:8      | Reached skill level 10 in Axes
  8200 | D:8      | Reached XP level 10. HP: 55/84 MP: 10/10
  8463 | D:8      | Noticed a red ugly thing
  8475 | D:8      | Killed a red ugly thing
  9479 | D:8      | Reached skill level 11 in Axes
  9978 | D:9      | Reached skill level 5 in Fighting
 10202 | D:9      | Noticed a two-headed ogre
 10202 | D:9      | Reached XP level 11. HP: 82/96 MP: 11/11
 10209 | D:9      | Killed a two-headed ogre
 10209 | D:9      | Reached skill level 5 in Armour
 10460 | D:9      | Found a snail-covered altar of Cheibriados.
 10470 | D:9      | Became a worshipper of Cheibriados the Contemplative
 10972 | D:9      | Reached * piety under Cheibriados
 11029 | D:9      | Found a glowing silver altar of Zin.
 11741 | D:9      | Noticed a three-headed hydra
 11760 | D:9      | Killed a one-headed hydra
 12229 | D:9      | Reached ** piety under Cheibriados
 12286 | D:10     | Entered Level 10 of the Dungeon
 12864 | D:9      | Reached skill level 12 in Axes
 13015 | D:10     | Reached skill level 1 in Dodging
 13054 | D:10     | Found a staircase to the Lair.
 13217 | D:10     | Found Kickuse's Assorted Antiques.
 13271 | D:10     | Bought a sedimented dark potion for 22 gold pieces
 13271 | D:10     | Bought a scroll labeled UTWIKIJUA for 25 gold pieces
 13271 | D:10     | Bought a scroll of identify for 50 gold pieces
 13271 | D:10     | Bought a fuming emerald potion for 22 gold pieces
 13271 | D:10     | Bought a fuming emerald potion for 22 gold pieces
 13279 | D:10     | Found Lirisa's Weapon Shoppe.
 13639 | D:10     | Found Bomez's Food Shoppe.
 13686 | D:10     | Reached *** piety under Cheibriados
 13702 | D:10     | Found Harev's General Store.
 14469 | D:10     | Reached XP level 12. HP: 107/109 MP: 12/12
 14721 | D:5      | Found a glowing golden altar of the Shining One.
 14758 | D:5      | Reached **** piety under Cheibriados
 14827 | D:5      | Killed Eustachio
 15601 | Lair:1   | Entered Level 1 of the Lair of Beasts
 16680 | Lair:1   | Reached ***** piety under Cheibriados
 17230 | Lair:1   | Noticed a seven-headed hydra
 17242 | Lair:1   | Killed a one-headed hydra
 17242 | Lair:1   | Reached skill level 13 in Axes
 17558 | Lair:2   | Identified a scroll of acquirement
 17602 | Lair:2   | Found a hole to the Spider Nest.
 17796 | Lair:2   | Noticed a six-headed hydra
 17811 | Lair:2   | Killed a one-headed hydra
 17811 | Lair:2   | Reached skill level 1 in Invocations
 18001 | Lair:2   | Noticed a six-headed hydra
 18010 | Lair:2   | Killed a one-headed hydra
 18178 | Lair:2   | You fall through a shaft for 2 floors!
 18178 | Lair:4   | Noticed Urug
 18227 | Lair:5   | Got a polished ring mail
 18238 | Lair:5   | Identified the +1 ring mail of Hangman {MR+ Str+3 Slay-4} (You found it on level 5 of the Lair of Beasts)
 18304 | Lair:5   | Noticed a five-headed hydra
 18311 | Lair:5   | Killed a one-headed hydra
 18311 | Lair:5   | Reached skill level 5 in Dodging
 18324 | Lair:5   | Found a dark tunnel.
 18365 | Volcano  | Entered a volcano
 18391 | Volcano  | Noticed a two-headed ogre
 18392 | Volcano  | Killed a two-headed ogre
 18392 | Volcano  | Gained mutation: You can use your snake-like lower body to constrict enemies. [Naga growth]
 18392 | Volcano  | Reached XP level 13. HP: 72/115 MP: 13/15
 19431 | Lair:4   | Killed Urug
 19883 | Lair:4   | Noticed Josephine
 19904 | Lair:4   | Killed Josephine
 20568 | Lair:3   | Reached skill level 5 in Invocations
 21609 | Lair:4   | Found a staircase to the Shoals.
 21854 | Lair:4   | Reached ****** piety under Cheibriados
 22027 | Lair:4   | Reached skill level 14 in Axes
 23635 | Lair:5   | Reached XP level 14. HP: 92/123 MP: 19/19
 23778 | Lair:6   | Entered Level 6 of the Lair of Beasts
 24451 | Lair:6   | Reached skill level 15 in Axes
 24549 | Lair:6   | Found a staircase to the Slime Pits.
 24850 | Lair:6   | Noticed Potsanchik's ghost (journeyman KoEn)
 24900 | Lair:6   | Killed Potsanchik's ghost
 24900 | Lair:6   | Reached skill level 10 in Invocations
 26261 | D:11     | Found Muihank's General Store.
 26371 | D:11     | Noticed Maurice
 26375 | D:11     | Killed Maurice
 26974 | D:12     | Found a staircase to the Orcish Mines.
 26984 | D:12     | Found a roughly hewn altar of Beogh.
 27131 | D:12     | Reached skill level 16 in Axes
 27246 | D:12     | Reached XP level 15. HP: 106/129 MP: 23/23
 27546 | Orc:1    | Entered Level 1 of the Orcish Mines
 28293 | Orc:1    | You fall through a shaft!
 28293 | Orc:2    | Entered Level 2 of the Orcish Mines
 28443 | Orc:2    | Found Lacoasei's Jewellery Emporium.
 28952 | Orc:2    | Found Ikoj's Weapon Emporium.
 28952 | Orc:2    | Found Niudiut's Food Shoppe.
 28952 | Orc:2    | Found Uwnuugua's General Store.
 28955 | Orc:2    | Found Toiluneh's Weapon Shoppe.
 29207 | Orc:2    | Noticed Saint Roka
 29222 | Orc:2    | HP: 5/129 [Saint Roka/divine providence (11)]
 29224 | Orc:2    | Killed Saint Roka
 29766 | Orc:2    | Found a staircase to the Elven Halls.
 30081 | Orc:2    | Bought a +1 broad axe of chopping for 195 gold pieces
 30132 | Orc:2    | Bought a +5 ring of protection for 770 gold pieces
 30241 | D:11     | Bought a scroll of identify for 30 gold pieces
 30241 | D:11     | Bought a scroll of enchant weapon for 112 gold pieces
 30241 | D:11     | Bought a potion of agility for 60 gold pieces
 30301 | D:10     | Bought a scroll of magic mapping for 49 gold pieces
 30301 | D:10     | Bought a scroll of magic mapping for 49 gold pieces
 30301 | D:10     | Bought a scroll of enchant weapon for 105 gold pieces
 30344 | D:10     | Bought a marble ring for 125 gold pieces
 30482 | D:13     | Found a portal to a secret trove of treasure.
 30738 | D:13     | Found a gate to the Vaults.
 30753 | D:13     | HP: 6/132 [vault guard/battleaxe (17)]
 31359 | D:13     | Found a blossoming altar of Fedhas.
 31481 | D:13     | Reached XP level 16. HP: 141/141 MP: 25/25
 31890 | D:14     | You fall through a shaft!
 31890 | D:15     | Entered Level 15 of the Dungeon
 32142 | D:14     | Reached skill level 17 in Axes
 32859 | D:15     | Found a blossoming altar of Fedhas.
 32870 | D:15     | Reached skill level 10 in Armour
 33648 | D:15     | Noticed a quicksilver dragon
 33651 | D:15     | a quicksilver dragon changed into a death yak
 34016 | D:15     | Found a staircase to the Depths.
 34495 | D:14     | Quit the game

Vault maps used:
D:1:      roderic_chinese_lattice_arrival
D:2:      uniq_crazy_yiuf_cottage
D:3:      lemuel_crystal_altar, chequers_temple_overflow_statue_of_worship,
          first_bread
D:5:      grunt_temple_overflow_forces_of_nature, tso_metal_star,
          uniq_eustachio, uniq_menkaure, uniq_pikel, uniq_edmund
D:6:      uniq_duvessa
D:7:      kennysheep_little_box, overflow_temple_1_default
D:8:      hangedman_cross_stitches, roderic_roman_lattice
D:9:      kennysheep_mini_moat, slow_altar_2, hangedman_ranch,
          minmay_gold_behind_fungi
D:10:     minmay_lair_entry_grove, serial_shops, shop, shop, shop, shop
D:11:     serial_shops, nicolae_shop_waterfront, minmay_misc_feat_nine_boxes,
          uniq_maurice
D:12:     minmay_orc_entry_temple_small
D:13:     grunt_vaults_entry_tiered, basic_altar, nicolae_trove_entry_crossroad,
          hangedman_abyss_or_decor_stabs, st_stairs_6
D:14:     serial_co_window_serial, co_window_paths_a,
          co_window_of_opportunity_a, co_window_corner_a, co_window_paths_a,
          co_window_paths_a, co_window_corner_a, co_window_paths_b,
          co_window_of_opportunity_a, co_window_of_opportunity_a,
          co_window_broadway_c, co_window_corner_cb, co_window_2corner,
          glass_columns_a, glass_columns_b, grunt_decor_one_mirror
D:15:     hangedman_depths_entry_try_elsewhere_first, fedhas_altar_1,
          grunt_decor_arrowhead
Temple:   compressed_dpeg_triangle_lava_temple
Lair:1:   pond, infiniplex_staircase_pool
Lair:2:   nicolae_spider_entry_orb_guardian
Lair:4:   minmay_shoals_entry_hut, uniq_josephine, uniq_urug
Lair:5:   wad_woods_structure_01, enter_volcano_3, beast_lair_carwin_4
Lair:6:   grunt_lair_end_beastmaster, minmay_slime_entry_pillars
Orc:1:    nicolae_orc_lava_room
Orc:2:    st_orc_mages, serial_shops, shop_statue, uniq_saint_roka
Volcano:  volcano_village

Skill      XL: |  1  2  3  4  5  6  7  8  9 10 11 12 13 14 15 16 |
---------------+-------------------------------------------------+-----
Shields        | 3 4 5 7 9 |  9.8
Axes           | 3 4 5 6 8 10 11 12 13 14 16 17 | 17.1
Armour         | 4 6 8 9 10 | 10.2
Fighting       | 5 7 8 9 |  9.4
Dodging        | 2 5 6 7 8 |  8.3
Invocations    | 3 7 11 12 | 12.0

Action                   |  1- 3 |  4- 6 |  7- 9 | 10-12 | 13-15 | 16-18 || total
-------------------------+-------+-------+-------+-------+-------+-------++-------
Melee: War axe           |   101 |   165 |   390 |   958 |   967 |       ||  2581
       Flail             |       |       |     2 |       |       |       ||     2
       Dagger            |       |       |     3 |       |       |       ||     3
       Falchion          |       |       |       |    40 |    17 |       ||    57
       Constrict         |       |       |       |       |   230 |    35 ||   265
       Broad axe         |       |       |       |       |   112 |   164 ||   276
Invok: Temporal Distorti |       |       |       |       |     1 |     1 ||     2
       Slouch            |       |       |       |       |     9 |     3 ||    12
 Abil: Spit Poison       |       |    15 |    20 |     3 |       |       ||    38
Evoke: Wand              |       |       |     3 |     7 |       |       ||    10
  Use: Scroll            |       |     5 |     3 |    16 |    12 |     1 ||    37
       Potion            |       |       |       |     3 |     3 |       ||     6
 Stab: Invisible         |       |       |       |     2 |       |       ||     2
       Distracted        |       |       |       |     1 |       |     1 ||     2
       Petrifying        |       |       |       |       |     4 |       ||     4
       Petrified         |       |       |       |       |     1 |     1 ||     2
  Eat: Chunk             |     1 |     7 |     4 |    16 |    23 |     6 ||    57
       Bread ration      |       |       |     2 |       |       |       ||     2
       Royal jelly       |       |       |       |     1 |       |       ||     1
       Beef jerky        |       |       |       |     2 |     2 |     1 ||     5
       Pizza             |       |       |       |       |     2 |       ||     2
Armor: Scale mail        |    61 |    44 |   239 |   391 |     6 |       ||   741
       Chain mail        |       |     8 |       |       |   339 |   115 ||   462
Dodge: Dodged            |    36 |    42 |   118 |   256 |   364 |    85 ||   901
Block: Shield            |    76 |    69 |   247 |   603 |   657 |       ||  1652
       Large shield      |       |       |       |       |    79 |   276 ||   355
       Rpst.: Falchion   |       |       |       |     6 |       |       ||     6
